 Dungeon Crawl Stone Soup version 0.24-a0-280-g7cec4da (webtiles) character file.

Game seed: 13730163838674962804

1822 robertstho the Skirmisher (level 9, -21/139 HPs)
             Began as an Ogre Berserker on May 7, 2019.
             Was a Priest of Trog.
             Demolished by a komodo dragon (32 damage)
             ... on level 8 of the Dungeon.
             The game lasted 00:13:26 (6902 turns).

robertstho the Skirmisher (Ogre Berserker)          Turns: 6902, Time: 00:13:27

Health: -21/139    AC:  4    Str: 31    XL:     9   Next: 10%
Magic:  0/9        EV: 12    Int: 13    God:    Trog [***...]
Gold:   128        SH:  0    Dex: 10    Spells: 8/8 levels left

rFire    . . .     SeeInvis +   H - +7 war axe "Acle" {chop, +Inv rC+ MR+ SInv}
rCold    + . .     Gourm    .   (no shield)
rNeg     . . .     Faith    .   b - +0 animal skin
rPois    .         Spirit   +   (helmet restricted)
rElec    .         Reflect  .   C - +0 cloak
rCorr    .         Harm     .   (gloves unavailable)
MR       ++...     Clarity  +   (boots unavailable)
Stlth    ..........             r - amulet of guardian spirit
HPRegen  0.33/turn              i - ring of protection from magic
MPRegen  0.11/turn              B - +5 ring of intelligence

@: berserking, very quick
A: large, unfitting armour, horns 1, agile 1, clarity, tough skin 1
a: Berserk, Trog's Hand, Renounce Religion, Evoke Invisibility


You were on level 8 of the Dungeon.
You worshipped Trog.
Trog was most pleased with you.
You were not hungry.

You visited 1 branch of the dungeon, and saw 8 of its levels.

You collected 518 gold pieces.
You spent 390 gold pieces at shops.

Inventory:

Hand Weapons
 a - a +1 hunting sling of flaming
 g - a +1 flail of draining
 t - a +2 short sword of electrocution
 H - the +7 war axe "Acle" (weapon) {chop, +Inv rC+ MR+ SInv}
   (You found it on level 7 of the Dungeon)

   It inflicts extra damage upon your enemies.
   It protects you from cold.
   It affects your resistance to hostile enchantments.
   It lets you see invisible.
   It lets you turn invisible.
Missiles
 f - 217 stones (quivered)
 h - 54 sling bullets
Armour
 b - a +0 animal skin (worn)
 C - a +0 cloak (worn)
Jewellery
 i - a ring of protection from magic (left hand)
 r - an amulet of guardian spirit (around neck)
 B - a +5 ring of intelligence (right hand)
Wands
 q - a wand of flame (35)
 E - a wand of clouds (7)
Scrolls
 d - 6 scrolls of remove curse
 e - 2 scrolls of amnesia {unknown}
 j - 3 scrolls of magic mapping
 l - 3 scrolls of teleportation {unknown}
 m - 2 scrolls of immolation {unknown}
 p - 2 scrolls of fog {unknown}
 s - 2 scrolls of enchant weapon {unknown}
 x - 2 scrolls of blinking {unknown}
 y - 2 scrolls of enchant armour {unknown}
 z - 3 scrolls of fear
 A - 4 scrolls of identify
 G - 2 scrolls of random uselessness {unknown}
 I - a scroll of silence {unknown}
 K - a scroll of torment {unknown}
 M - 3 scrolls of acquirement {unknown}
Potions
 n - a potion of flight {unknown}
 o - 2 potions of degeneration
 u - a potion of agility {unknown}
 v - a potion of lignification {unknown}
 w - a potion of magic {unknown}
 D - a potion of might
 F - 2 potions of cancellation {unknown}
 L - a potion of ambrosia {unknown}
Comestibles
 c - 7 rations
 J - a chunk of flesh


   Skills:
 + Level 7.6 Fighting
 + Level 3.2 Short Blades
 + Level 2.0(3.2) Axes
 + Level 3.6(3.8) Maces & Flails
 + Level 4.7 Slings
 * Level 6.2 Dodging
 - Level 0.1 Stealth


You had 8 spell levels left.
You didn't know any spells.
Your spell library was empty.

Dungeon Overview and Level Annotations

Branches:
Dungeon (8/15)             Temple (0/1) D:4
   Lair: D:8-11

Altars:
Dithmenos
Fedhas
Makhleb
Nemelex Xobeh
Qazlal
Uskayaw
Vehumet
Wu Jian
Zin
The Shining One

Shops:
D:5 (*(}(   D:6 *

Annotations:
D:5 370 +4 great sword draining 253 great sword


Innate Abilities, Weirdness & Mutations

You are too large for most types of armour.
You have tough skin. (AC +1)
You have a pair of small horns on your head.
You are agile. (Dex +2)
You possess an exceptional clarity of mind.


Message History

You slice the orc!!
You kill the orc!
Trog accepts your kill.
The orc wizard gestures at you while chanting.
The magic dart hits you. The komodo dragon barely misses you.
You closely miss the komodo dragon. The komodo dragon bites you!!
Unknown command.
Unknown command.
Unknown command.
You barely miss the komodo dragon. The komodo dragon bites you!
You barely miss the komodo dragon.
You headbutt the komodo dragon, but do no damage.
The komodo dragon bites you! The komodo dragon bites you!!
* * * LOW HITPOINT WARNING * * *
You barely miss the komodo dragon. The komodo dragon bites you!!
* * * LOW HITPOINT WARNING * * *
A red film seems to cover your vision as you go berserk!
You feel yourself moving faster!
You feel mighty! The komodo dragon bites you!!
You die...

.....# #..# #.##..#.)....##
.....# #..# #.##..........+
.....# #..# #.###.#†.######
..<..# #..###.........# ##.#.#
#........#.##...+ ...#.#
#.####.........## #....# #.#
#...###.....
#.##.#########.####...####.##..
................@lo............
#..#.########.####o...####.##.
#..#.....# #.# #.####
#..#####.# #.# #.# ÷..# #.# #.#
#.# #..# #.# #.# #.# #..# #[#
#.####.### ..######.#
#........# .........#
######.###


You could see a komodo dragon, an orc wizard and an orc.

Vanquished Creatures
  Eustachio (D:6)
  Menkaure (D:6)
  A sky beast (D:7)
  3 orc warriors
  A necrophage (D:7)
  A phantom (D:4)
  2 centaurs (D:6)
  An ogre (D:4)
  A bullfrog (D:6)
  2 scorpions
  A howler monkey (D:5)
  A crimson imp (D:5)
  4 orc priests
  6 orc wizards
  A hound (D:3)
  An iguana (D:4)
  A worker ant (D:4)
  A hound skeleton (D:6)
  3 adders
  4 gnolls (D:7)
  A howler monkey skeleton (D:5)
  An adder zombie (D:5)
  An adder skeleton (D:7)
  2 worms (D:2)
  2 dart slugs
  4 leopard geckos
  21 orcs
  8 bats
  3 giant cockroaches
  5 goblins
  10 hobgoblins
  10 jackals
  5 quokkas
  2 ball pythons (D:4)
  8 frilled lizards
  A jackal zombie (D:5)
  11 kobolds
  A quokka skeleton (D:5)
  A quokka zombie (D:6)
  2 rats
136 creatures vanquished.

Notes
Turn   | Place    | Note
-------+----------+-------------------------------------------
     0 | D:1      | robertstho the Ogre Berserker began the quest for the Orb.
     0 | D:1      | Reached XP level 1. HP: 24/24 MP: 1/1
    51 | D:2      | Reached XP level 2. HP: 20/32 MP: 2/2
   762 | D:1      | Reached ** piety under Trog
   821 | D:2      | Reached XP level 3. HP: 39/39 MP: 3/3
  1385 | D:2      | Reached XP level 4. HP: 48/48 MP: 4/4
  1403 | D:2      | Found a radiant altar of Vehumet.
  1937 | D:3      | Found an ornate altar of the Wu Jian Council.
  1945 | D:3      | Found a blossoming altar of Fedhas.
  1945 | D:3      | Found a glowing silver altar of Zin.
  2054 | D:3      | Reached skill level 1 in Slings
  2054 | D:3      | Reached XP level 5. HP: 16/55 MP: 1/5
  2092 | D:3      | Found a burning altar of Makhleb.
  2425 | D:3      | Found a hide-covered altar of Uskayaw.
  2504 | D:3      | Found a stormy altar of Qazlal.
  2704 | D:4      | Noticed an ogre
  2711 | D:4      | Killed an ogre
  2711 | D:4      | Reached skill level 5 in Fighting
  2724 | D:4      | Reached XP level 6. HP: 43/66 MP: 4/6
  2954 | D:4      | Gained mutation: You possess an exceptional clarity of
                  | mind. [potion of mutation]
  2954 | D:4      | Gained mutation: You have a pair of small horns on your
                  | head. [potion of mutation]
  2954 | D:4      | Gained mutation: You are agile. (Dex +2) [potion of
                  | mutation]
  3133 | D:4      | Noticed a phantom
  3142 | D:4      | Killed a phantom
  3142 | D:4      | Reached skill level 1 in Short Blades
  3254 | D:4      | Found a staircase to the Ecumenical Temple.
  3453 | D:5      | Entered Level 5 of the Dungeon
  3468 | D:5      | Found Jananere's Weapon Shoppe.
  3471 | D:5      | Bought a +1 hunting sling of flaming for 106 gold pieces
  3538 | D:5      | Found a glowing golden altar of the Shining One.
  3593 | D:5      | Reached XP level 7. HP: 61/74 MP: 5/7
  3606 | D:5      | Reached *** piety under Trog
  3635 | D:5      | Found Famus's Gadget Boutique.
  3707 | D:5      | Found Jestos's General Store.
  3721 | D:5      | Bought a scroll of identify for 28 gold pieces
  3721 | D:5      | Bought a scroll of fear for 49 gold pieces
  3721 | D:5      | Bought a scroll of magic mapping for 49 gold pieces
  3721 | D:5      | Bought a potion of degeneration for 14 gold pieces
  3759 | D:5      | Reached skill level 6 in Fighting
  3781 | D:5      | Found Agrub's Antique Weapon Shop.
  3958 | D:5      | Found Nasoupa's Weapon Emporium.
  4067 | D:6      | Noticed Eustachio
  4271 | D:6      | Killed Eustachio
  4344 | D:6      | Reached XP level 8. HP: 44/84 MP: 1/8
  4609 | D:6      | Noticed Menkaure
  4621 | D:6      | Killed Menkaure
  4621 | D:6      | Reached skill level 5 in Dodging
  4845 | D:6      | Found Ceythen's Assorted Antiques.
  4944 | D:6      | Bought a scroll labeled BOALEO YTANYG for 24 gold pieces
  4944 | D:6      | Bought a potion of might for 96 gold pieces
  4944 | D:6      | Bought a scroll labeled REDUDE KEOCZU for 24 gold pieces
  5497 | D:7      | Got a crystal war axe
  5498 | D:7      | Identified the +7 war axe "Acle" {chop, +Inv rC+ MR+ SInv}
                  | (You found it on level 7 of the Dungeon)
  5549 | D:7      | Reached skill level 7 in Fighting
  5681 | D:7      | HP: 2/87 [orc warrior/+0 glaive (23)]
  6165 | D:7      | Reached skill level 1 in Axes
  6210 | D:7      | Reached XP level 9. HP: 84/93 MP: 9/9
  6365 | D:7      | Received a gift from Trog
  6409 | D:7      | Found a shadowy altar of Dithmenos.
  6409 | D:7      | Found a sparkling altar of Nemelex Xobeh.
  6883 | D:8      | Noticed a komodo dragon
  6902 | D:8      | Demolished by a komodo dragon

Levels and vault maps discovered:
D:1:      dpeg_arrival_stonehenge_8_columns, layout_basic
D:2:      layout_loops_corners, vehumet_crystals
D:3:      layout_basic, nicolae_overflow_hidden_temple,
          makhleb_heckhound_becter, serial_bayou_lagoon_b
D:4:      layout_rooms, temple_doors_cd, first_ration
D:5:      layout_rooms, serial_shops, nicolae_shop_behind_doors, shop, shop,
          shop, kennysheep_little_box, tso_altar
D:6:      layout_rooms, serial_corexii_hall, chequers_hall_statues_corner_a,
          chequers_hall_statues_corner_a, chequers_hall_statues_corner_a,
          chequers_hall_statues_wall_a, serial_shops, shop, uniq_menkaure,
          uniq_eustachio
D:7:      layout_gridville, gammafunk_temple_overflow_statue
D:8:      layout_basic, minitemple, minmay_hedge_maze, grunt_ogre_cave

Skill      XL: |  1  2  3  4  5  6  7  8  9 |
---------------+----------------------------+-----
Maces & Flails | 3 |  3.6
Dodging        | 3 4 6 |  6.2
Slings         | 1 2 3 4 |  4.7
Fighting       | 5 6 7 |  7.6
Short Blades   | 1 2 3 |  3.2
Axes           | 1 2 |  2.0
Stealth        | |  0.1

Action                   |  1- 3 |  4- 6 |  7- 9 || total
-------------------------+-------+-------+-------++-------
Melee: Mace              |    42 |       |       ||    42
       Short sword       |       |    73 |    40 ||   113
       Headbutt          |       |     6 |    16 ||    22
       War axe           |       |       |    46 ||    46
 Fire: Hunting sling     |    69 |    85 |    61 ||   215
Invok: Berserk           |       |       |     1 ||     1
  Use: Potion            |       |     7 |     4 ||    11
       Scroll            |       |     2 |     2 ||     4
  Eat: Chunk             |     1 |     6 |     6 ||    13
       Ration            |       |     1 |     1 ||     2
Armor: Animal skin       |    24 |    23 |    39 ||    86
Dodge: Dodged            |    56 |    55 |   112 ||   223

Table legend:
 A = Non-vault XP
 B = Vault XP
 C = Vault XP percentage of total XP
 D = Non-vault monster count
 E = Vault monster count
 F = Vault count percentage of total count
                 A         B        C        D         E       F
            +---------+---------+-------+---------+---------+-------
      Total |    2201 |     402 |  15.4 |     133 |       3 |   2.2
            +---------+---------+-------+---------+---------+-------
        D:1 |      23 |       0 |   0.0 |      12 |       0 |   0.0
        D:2 |      68 |       0 |   0.0 |      30 |       0 |   0.0
        D:3 |      41 |      42 |  50.6 |      17 |       1 |   5.6
        D:4 |     424 |       0 |   0.0 |      19 |       0 |   0.0
        D:5 |     313 |       0 |   0.0 |      21 |       0 |   0.0
        D:6 |     532 |     360 |  40.4 |      12 |       2 |  14.3
        D:7 |     788 |       0 |   0.0 |      17 |       0 |   0.0
        D:8 |      12 |       0 |   0.0 |       5 |       0 |   0.0
            +---------+---------+-------+---------+---------+-------
